 Dungeon Crawl Stone Soup version 0.27.0-1-g7a089689b8 (webtiles) character file.

Game seed: 6985794850965110647

3237 wakim the Martial Artist (level 9, -1/56 (66) HPs)
             Began as an Octopode Transmuter on Aug 10, 2021.
             Slain by a wight (2 damage)
             ... on level 7 of the Dungeon.
             The game lasted 00:17:58 (9307 turns).

wakim the Martial Artist (Octopode Transmuter)      Turns: 9307, Time: 00:17:59

HP:   -1/56 (66)    AC:  7    Str: 10    XL:     9   Next: 98%
MP:   0/13          EV: 11    Int: 15    God:
Gold: 377           SH:  0    Dex: 15    Spells: 5/14 levels left

rFire    x . .     SeeInvis +     - Unarmed
rCold    + + +     Faith    .   (shield currently unavailable)
rNeg     . . .     Spirit   +   (helmet currently unavailable)
rPois    +         Reflect  .   r - amulet of guardian spirit
rElec    .         Harm     .   f - ring of see invisible
rCorr    .         Rampage  .   i - ring of wizardry
Will     .....                  a - ring of protection from cold
Stlth    +.........             (no ring)
HPRegen  0.18/turn              (no ring)
MPRegen  0.13/turn              (no ring)
                                (no ring)
                                (no ring)

@: ice-form, wereblooded, heavily drained
A: freezing attack, boosted hp, almost no armour, amphibious, 8 rings, large,
(camouflage 1), (gelatinous body 1), (nimble swimmer 1), (tentacles)
a: End Transformation


You were on level 7 of the Dungeon.
You were a creature of crystalline ice.
You visited 1 branch of the dungeon, and saw 7 of its levels.
You also visited: Sewer.

You collected 377 gold pieces.

Inventory:

Missiles
 s - 5 curare-tipped darts {=f}
Armour
 e - a +2 buckler (melded)
 h - a +2 hat (melded)
Jewellery
 a - a ring of protection from cold (on tentacle)
 f - a ring of see invisible (left front paw)
 i - a ring of wizardry (right front paw)
 r - an amulet of guardian spirit (around neck)
Wands
 t - a wand of digging (4)
 v - a wand of flame (14)
 w - a wand of acid (9)
 x - a wand of iceblast (6)
 y - a wand of paralysis (19)
Scrolls
 b - a scroll of enchant weapon
 l - a scroll of enchant armour
 T - 2 scrolls of teleportation
 Z - a scroll of silence {!r}
Potions
 c - a potion of mutation {unknown}
 d - a potion of resistance {unknown}
 k - a potion of degeneration {unknown}
 m - a potion of berserk rage {unknown}
 u - a potion of lignification {unknown}
 A - a potion of invisibility {unknown}
 B - 3 potions of attraction {!q}
 C - a potion of curing {unknown}
 G - 2 potions of flight
 H - 4 potions of haste
 J - 2 potions of heal wounds


   Skills:
 + Level 2.4 Fighting
 + Level 3.2 Dodging
 - Level 4.0 Shields
 + Level 9.3 Unarmed Combat
 - Level 3.0 Spellcasting
 - Level 8.0 Transmutations
 - Level 3.0 Ice Magic
 - Level 2.0 Poison Magic


You had 5 spell levels left.
You knew the following spells:

 Your Spells              Type           Power      Damage    Failure   Level
b - Wereblood             Tmut           26%        N/A       1%          2
c - Ice Form              Ice/Tmut       18%        N/A       9%          4
x - Spider Form           Tmut/Pois      8%         N/A       3%          3

Your spell library contained the following spells:

 Spells                   Type           Power      Damage    Failure   Level
 Beastly Appendage        Tmut           52%        N/A       1%          1
 Inner Flame              Hex/Fire       2%         N/A       24%         3
 Cause Fear               Hex            1%         N/A       58%         4
 Discord                  Hex            1%         N/A       100%        8


Dungeon Overview and Level Annotations

Branches:
Dungeon (7/15)             Temple (0/1) D:7           Sewer (visited)

Altars:
Zin

Shops:
D:1 **   D:3 (


Innate Abilities, Weirdness & Mutations

You are a creature of crystalline ice.
You have a powerful freezing melee attack.
Your maximum health is increased.
Your armour is entirely melded.
You are incapable of wielding weapons or throwing items.
You cannot wear most types of armour.
You are amphibious.
You can wear up to eight rings at the same time.
((Your skin changes colour to match your surroundings (Stealth+).))
((Your rubbery body absorbs attacks. (AC +1, EV +1)))
((You are camouflaged near water. (Stealth+)))
((You have tentacles for arms and can constrict up to eight enemies at once.))


Message History

You hit the bullfrog.
The bullfrog seems to slow down.
You freeze the bullfrog.
The bullfrog is moderately wounded.
You hit the bullfrog. You freeze the bullfrog.
The bullfrog is heavily wounded.
The bullfrog hits you.
A wight comes into view. It is wielding a +0 short sword.
You hit the bullfrog.
The bullfrog seems to slow down.
You freeze the bullfrog.
The bullfrog is heavily wounded.
The bullfrog hits you.
The wight hits you from afar with a +4 halberd!
You feel drained.
A wight comes into view. It is wielding a +2 falchion.
You punch the bullfrog!
The bullfrog seems to slow down.
You freeze the bullfrog.
You feel a bit better.
You kill the bullfrog!
The wight hits you from afar with a +4 halberd.
Training target 4.0 for Shields reached!
Your Dodging skill increases to level 3!
Your Shields skill increases to level 4!
You hit the wight.
The wight is moderately damaged.
The wight hits you with a +2 battleaxe!
You feel drained.
You pummel the wight!!
You feel a bit better.
You destroy the wight!
The wight barely misses you.
The wight throws a stone.
The stone misses you.
You see here a +0 giant club.
The wight hits you with a +4 halberd!
* * * LOW HITPOINT WARNING * * *
You feel drained.
* * * LOW HITPOINT WARNING * * *
You barely miss the wight. The wight hits you with a +4 halberd!
* * * LOW HITPOINT WARNING * * *
The wight hits you but does no damage. The wight hits you with a +2 falchion.
* * * LOW HITPOINT WARNING * * *
You feel drained. The wight closely misses you.
The wight hits you with a +2 falchion!
* * * LOW HITPOINT WARNING * * *
You feel drained.
You die...

#.......#........#*
##.........
#.............#...#*
##.|......
##.#....#..#..##...#*
#....((..
###.##.#..#....!...###.......#
*,..........#...##..#..#....##
*##.....####...###.....#.###..
*##..#* #.....#......###*,..
###* #..(..........##**,.
#..Yz..........# *,,
##...z.........####,,
#...))z...........##.
###................#.
#.#.............)..
###.........#.))...
##.#......###.......
#........###........
#.......###.........


You could see 3 wights.

Vanquished Creatures
  Pikel (D:4)
  A steam dragon (D:6)
  Edmund (D:5)
  Duvessa (D:5)
  3 sky beasts
  2 ice beasts (D:6)
  Purgy (Sewer)
  A black bear (D:6)
  7 ogres
  A lemure (D:5)
  2 phantoms
  A bullfrog (D:7)
  Dowan (D:5)
  2 wyvern skeletons (D:6)
  A wight (D:7)
  6 hounds
  A centaur zombie (D:6)
  An orc priest (D:7)
  Crazy Yiuf (D:5)
  2 centaur skeletons (D:5)
  Jessica (D:2)
  2 iguanas
  Ijyb (D:3)
  3 orc wizards
  3 killer bee zombies
  3 gnolls (D:7)
  5 adders
  A shadow imp (D:6)
  A white imp (D:6)
  2 ufetubi
  An adder skeleton (D:4)
  7 worms
  3 dart slugs
  9 orcs
  11 ball pythons
  4 endoplasms
  2 giant cockroaches (D:1)
  13 goblins
  5 hobgoblins
  4 jackals (D:3)
  8 kobolds
  A quokka (D:4)
  2 bats
  6 frilled lizards
  11 rats
146 creatures vanquished.

Vanquished Creatures (others)
  3 fungi (D:2)
  34 plants (D:2)
  3 toadstools (D:2)
40 creatures vanquished.

Grand Total: 186 creatures vanquished

Notes
Turn   | Place    | Note
-------+----------+-------------------------------------------
     0 | D:1      | wakim the Octopode Transmuter began the quest for the Orb.
     0 | D:1      | Reached XP level 1. HP: 13/13 MP: 3/3
   252 | D:1      | Found Pogyulyu's General Store.
   305 | D:1      | Reached XP level 2. HP: 18/18 MP: 3/5
   416 | D:1      | Found Huneohy's Assorted Antiques.
  1157 | D:2      | Reached skill level 1 in Poison Magic
  1157 | D:2      | Reached XP level 3. HP: 23/23 MP: 4/6
  1161 | D:2      | Learned a level 3 spell: Spider Form
  1379 | D:2      | Found a glowing silver altar of Zin.
  1847 | D:2      | Found a faded altar of an unknown god.
  1896 | D:2      | Reached XP level 4. HP: 28/28 MP: 5/7
  2211 | D:2      | Noticed Jessica
  2218 | D:2      | Killed Jessica
  2409 | D:2      | Learned a level 4 spell: Ice Form
  2545 | D:3      | Reached XP level 5. HP: 31/33 MP: 4/8
  2619 | D:3      | Found Odulojip's Antique Weapon Boutique.
  2657 | D:3      | Noticed Ijyb
  2678 | D:3      | Killed Ijyb
  2865 | D:3      | Reached skill level 4 in Unarmed Combat
  3012 | D:3      | Reached skill level 1 in Ice Magic
  3739 | D:4      | Noticed a phantom
  3745 | D:4      | Killed a phantom
  3746 | D:4      | Reached XP level 6. HP: 38/38 MP: 5/10
  4452 | D:5      | Entered Level 5 of the Dungeon
  4674 | D:5      | Noticed Pikel
  4704 | D:4      | HP: 2/45 [Pikel (1)]
  4717 | D:4      | Killed Pikel
  4718 | D:4      | Reached skill level 5 in Unarmed Combat
  4718 | D:4      | Reached XP level 7. HP: 8/43 MP: 9/11
  4718 | D:4      | Reached XP level 8. HP: 9/48 MP: 9/12
  4726 | D:4      | Learned a level 2 spell: Wereblood
  4994 | D:5      | Found a glowing drain.
  5003 | Sewer    | Entered a sewer
  5083 | Sewer    | Noticed Purgy
  5089 | Sewer    | Killed Purgy
  5399 | D:5      | Noticed Dowan
  5407 | D:5      | Noticed Duvessa
  5942 | D:6      | Reached skill level 6 in Unarmed Combat
  6390 | D:6      | Reached skill level 7 in Unarmed Combat
  6390 | D:6      | Reached XP level 9. HP: 52/53 MP: 5/13
  6652 | D:6      | Reached skill level 8 in Unarmed Combat
  7150 | D:5      | Killed Duvessa
  7246 | D:5      | Killed Dowan
  7330 | D:5      | Reached skill level 1 in Shields
  7461 | D:5      | Reached skill level 9 in Unarmed Combat
  7751 | D:5      | Noticed Edmund
  7771 | D:5      | Killed Edmund
  8183 | D:5      | Found a runed translucent door.
  8190 | D:5      | Noticed Crazy Yiuf
  8200 | D:5      | Killed Crazy Yiuf
  8910 | D:7      | Identified a scroll of acquirement
  8910 | D:7      | Acquired a ring of protection from cold
  9307 | D:7      | HP: 1/58 [wight (7)]
  9307 | D:7      | Slain by a wight

Illustrated notes

Levels and vault maps discovered:
D:1:      minmay_arrival_five_plusses, layout_loops_ring, serial_shops,
          nicolae_shop_trees, shop, kennysheep_pointless_box,
          corexii_item_surrounded_by_moat
D:2:      layout_loops_cross, basic_altar,
          shapermc_ecumenical_altar_mp_ritualfount, serial_bayou_lagoon_a,
          minmay_gold_behind_fungi, st_stairs_3, uniq_jessica
D:3:      kennysheep_the_goblin_king, layout_loops_cross, serial_shops, shop
D:4:      layout_loops_ring
D:5:      layout_layer_cave, cheibrodos_sewer_entry_drain, corexii_corridor_pit,
          uniq_duvessa, uniq_pikel, uniq_edmund, uniq_crazy_yiuf_cottage
D:6:      layout_cave_pools, minmay_misc_feat_tower
D:7:      layout_cave_pools, minmay_temple_entry_nine_rooms

Skill      XL: |  1  2  3  4  5  6  7  8  9 |
---------------+----------------------------+-----
Poison Magic   | 1 2 |  2.0
Transmutations | 3 4 6 8 |  8.0
Unarmed Combat | 4 5 7 9 |  9.3
Ice Magic      | 1 3 |  3.0
Spellcasting   | 3 |  3.0
Shields        | 4 |  4.0
Fighting       | 2 |  2.4
Dodging        | 3 |  3.2

Action                   |  1- 3 |  4- 6 |  7- 9 || total
-------------------------+-------+-------+-------++-------
Melee: Unarmed           |    69 |   129 |   167 ||   365
       Constrict         |    22 |    11 |     1 ||    34
       Kick              |    16 |     6 |       ||    22
       Tentacles         |     8 |     7 |       ||    15
       Punch             |     1 |     1 |       ||     2
 Cast: Beastly Appendage |    23 |     9 |       ||    32
       Spider Form       |     1 |    12 |     6 ||    19
       Ice Form          |       |     4 |    28 ||    32
       Wereblood         |       |       |     4 ||     4
  Use: Potion            |       |     1 |       ||     1
       Scroll            |       |       |    15 ||    15
 Stab: Sleeping          |     7 |     5 |     4 ||    16
Armor: Skin              |     7 |    14 |    54 ||    75
Dodge: Dodged            |    43 |    87 |   101 ||   231
Block: Buckler           |       |       |     2 ||     2
